 Dungeon Crawl Stone Soup version 0.23.0-28-g6fe0f4d (webtiles) character file.

Game seed: 17287788546203384519

10603 Kairos the Spear-Bearer (level 11, -2/95 HPs)
             Began as a Formicid Abyssal Knight on Feb 25, 2019.
             Was a High Priest of Lugonu.
             Slain by an ice dragon (9 damage)
             ... on level 1 of the Lair of Beasts.
             The game lasted 00:21:25 (12303 turns).

Kairos the Spear-Bearer (Formicid Abyssal Knight)  Turns: 12303, Time: 00:21:26

Health: -2/95      AC: 13    Str: 19    XL:     11   Next: 96%
Magic:  12/12      EV:  9    Int: 13    God:    Lugonu [*****.]
Gold:   154        SH:  6    Dex: 17    Spells: 10/10 levels left

rFire    . . .     SeeInvis +   N - +3 trident of Blood {pierce, rN+ Dex+5}
rCold    + . .     Gourm    .   e - +0 buckler
rNeg     + . .     Faith    .   y - +0 chain mail {rPois}
rPois    +         Spirit   .   (helmet unavailable)
rElec    .         Reflect  .   q - +0 cloak {MR+}
rCorr    .         Harm     .   (no gloves)
MR       ++...                  (no boots)
Stlth    ..........             (no amulet)
HPRegen  0.25/turn              j - +3 ring of slaying
MPRegen  0.13/turn              r - ring of protection from cold

@: no status effects
A: permanent stasis, dig shafts and tunnels, four strong arms, antennae 3, thin
skeletal structure 1, robust 1, wild magic 1
a: Dig, Shaft Self, Depart the Abyss, Bend Space, Banish, Corrupt, Enter the
Abyss, Renounce Religion


You were on level 1 of the Lair of Beasts.
You worshipped Lugonu.
Lugonu was extremely pleased with you.
You were hungry.

You visited 2 branches of the dungeon, and saw 10 of its levels.
You visited the Abyss 1 time.

You collected 383 gold pieces.
You spent 229 gold pieces at shops.

Inventory:

Hand Weapons
 a - a +1 spear
 o - a +2 quarterstaff of chaos
 z - a +0 broad axe
 N - the +3 trident of Blood (weapon) {pierce, rN+ Dex+5}
   (You bought it in a shop on level 8 of the Dungeon)

   It inflicts extra damage upon your enemies.
   It affects your dexterity (+5).
   It protects you from negative energy.
Missiles
 s - 3 javelins (quivered)
 C - 8 poisoned javelins
Armour
 b - +2 ice dragon scales
 e - a +0 buckler (worn)
 q - a +0 cloak of magic resistance (worn)
 y - a +0 chain mail of poison resistance (worn)
 M - +0 steam dragon scales
Magical Staves
 t - an uncursed staff of cold
 A - an uncursed staff of conjuration
Jewellery
 j - a +3 ring of slaying (left hand)
 r - a ring of protection from cold (right hand)
 w - an uncursed ring of protection from cold
 D - an uncursed ring of wizardry
 J - an uncursed ring of magical power
 L - an uncursed ring of protection from cold
 T - an uncursed ring of protection from cold
Wands
 k - a wand of random effects (13)
 u - a wand of scattershot (3)
 E - a wand of acid (4)
 F - a wand of paralysis (6)
 R - a wand of iceblast (8)
Scrolls
 f - 3 scrolls of fog
 l - 7 scrolls of remove curse
 n - a scroll of amnesia
 G - a scroll of holy word {unknown}
 I - a scroll of magic mapping {unknown}
 K - 2 scrolls of enchant armour {unknown}
 O - a scroll of enchant weapon {unknown}
 P - a scroll of noise {unknown}
Potions
 d - a potion of heal wounds
 g - 2 potions of curing
 h - 2 potions of lignification {unknown}
 i - a potion of mutation
 m - a potion of flight {unknown}
 p - 2 potions of resistance {unknown}
 v - a potion of brilliance {unknown}
 x - 3 potions of berserk rage {unknown}
 B - 2 potions of might {unknown}
 H - a potion of invisibility {unknown}
 Q - a potion of degeneration {unknown}
Comestibles
 c - 14 rations


   Skills:
 + Level 8.6 Fighting
 + Level 12.3 Polearms
 + Level 10.2 Armour
 + Level 2.6 Dodging
 + Level 2.6 Stealth
 + Level 5.4 Shields
 + Level 2.6 Invocations


You had 10 spell levels left.
You didn't know any spells.
Your spell library contained the following spells:

 Spells                   Type           Power        Failure   Level  Hunger
 Sting                    Conj/Pois      #...         96%         1    ##.....
 Poisonous Vapours        Pois/Air       #.....       99%         2    ###....
 Mephitic Cloud           Conj/Pois/Air  #.......     100%        3    ####...
 Olgreb's Toxic Radiance  Pois           #.......     100%        4    #####..
 Venom Bolt               Conj/Pois      #.........   100%        5    ######.


Dungeon Overview and Level Annotations

Branches:
Dungeon (9/15)             Temple (0/1) D:5            Lair (1/6) D:9
    Orc: D:9-12

Altars:
Ashenzari
Cheibriados
Dithmenos
Fedhas
Makhleb
Nemelex Xobeh
Okawaru
Qazlal
Trog
Uskayaw
Wu Jian
Zin

Shops:
D:8 (

Annotations:
D:4 2 runed translucent doors
D:8 exclusions: oklob plant and oklob sapling
D:9 exclusion: oklob plant


Innate Abilities, Weirdness & Mutations

You cannot be hasted, slowed, berserked, paralysed or teleported.
You can dig through walls and to a lower floor.
Your four strong arms can wield two-handed weapons with a shield.
You have a pair of large antennae on your head. (SInv)
You have a somewhat thin skeletal structure. (Dex +2, Stealth)
You are robust. (+10% HP)
Your spells are a little harder to cast, but a little more powerful.


Message History

Aim: an ice dragon (lightly wounded, covered in acid)
The burst of metal fragments hits the ice dragon.
The burst of metal fragments hits the ice dragon! x2
The burst of metal fragments hits the ice dragon.
The ice dragon is heavily wounded.
The ice dragon bites you but does no damage.
The ice dragon claws you but does no damage.
The ice dragon completely misses you.
Aiming: Scattershot
Press: ? - help, Shift-Dir - straight line, f/p - ice dragon
Aim: an ice dragon (heavily wounded, covered in acid)
The burst of metal fragments hits the ice dragon.
The burst of metal fragments hits the ice dragon!
The ice dragon is heavily wounded.
The ice dragon bites you.
* * * LOW HITPOINT WARNING * * *
The ice dragon claws you.
* * * LOW HITPOINT WARNING * * *
The ice dragon tramples you!
You die...

#.#### .. #....# ..
####.# .. ###### ##.#
.. ≈≈≈...#### #..# .}
≈≈.......## ######.##
≈≈........#####......#
≈≈≈.............######
≈≈≈.....D@..#####
.≈≈≈.....†###
..≈≈≈....## .≈≈≈≈..###
#######


You could see an ice dragon.

Vanquished Creatures
  A hydra (D:8)
  Joseph (D:8)
  A spiny frog (Lair:1)
  A troll (D:9)
  Grinder (D:4)
  3 hornets
  2 dream sheep (D:8)
  12 yaks
  Sigmund (D:2)
  A basilisk (D:6)
  3 steam dragons
  2 hungry ghosts
  4 water moccasins
  4 orc warriors
  A sky beast (D:6)
  3 ice beasts
  2 phantoms
  10 ogres
  2 centaurs
  A crocodile (D:8)
  5 big kobolds
  7 bullfrogs
  3 scorpions
  6 howler monkeys
  A bullfrog zombie (D:6)
  A centaur zombie (D:4)
  4 crimson imps
  4 jellies
  Crazy Yiuf (D:2)
  A bullfrog skeleton (D:5)
  9 hounds
  4 iguanas
  A centaur skeleton (D:5)
  An iron imp (D:8)
  Terence (D:2)
  11 orc wizards
  5 worker ants
  Natasha (thrice) (D:2)
  A hound zombie (D:6)
  A howler monkey zombie (D:5)
  2 worker ant zombies (D:6)
  4 gnolls (D:6)
  16 adders
  2 shadow imps
  4 oozes
  5 adder skeletons
  2 worms
  3 leopard geckos
  31 orcs
  9 giant cockroaches
  2 goblins (D:2)
  6 hobgoblins
  6 jackals
  15 kobolds
  4 quokkas
  8 ball pythons
  9 bats
  2 frilled lizards
  2 jackal skeletons
  A jackal zombie (D:6)
  2 leopard gecko skeletons (D:4)
  A quokka skeleton (D:3)
  6 rats (D:3)
  A fungus (D:9)
  3 plants
272 creatures vanquished.

Notes
Turn   | Place    | Note
-------+----------+-------------------------------------------
     0 | Abyss:1  | Kairos the Formicid Abyssal Knight began the quest for the
                  | Orb.
     0 | Abyss:1  | Reached XP level 1. HP: 18/18 MP: 2/2
    17 | Abyss:1  | Found a corrupted altar of Lugonu.
    22 | Abyss:2  | Found a corrupted altar of Lugonu.
    38 | Abyss:2  | Got a faintly glowing trident
    39 | Abyss:2  | Identified the +1 trident "Qollajeh" {pierce, Dex+4} (You
                  | found it on level 2 of the Abyss)
    48 | Abyss:2  | Noticed a neqoxec
    60 | Abyss:2  | Noticed a basilisk
    79 | D:1      | Escaped the Abyss
   707 | D:1      | Reached XP level 2. HP: 25/25 MP: 3/3
  1054 | D:2      | Reached * piety under Lugonu
  1062 | D:2      | Reached XP level 3. HP: 26/30 MP: 4/4
  1472 | D:2      | Found a burning altar of Makhleb.
  1515 | D:2      | Noticed Natasha
  1524 | D:2      | Killed Natasha
  1524 | D:2      | Reached XP level 4. HP: 14/38 MP: 5/5
  1781 | D:2      | Noticed Sigmund
  1784 | D:2      | Noticed Terence
  1793 | D:2      | Killed Sigmund
  1793 | D:2      | Reached skill level 3 in Polearms
  1793 | D:2      | Reached XP level 5. HP: 39/43 MP: 6/6
  1793 | D:2      | Reached XP level 6. HP: 46/50 MP: 7/7
  1801 | D:2      | Killed Terence
  1801 | D:2      | Reached skill level 4 in Polearms
  1967 | D:2      | Found a runed translucent door.
  1968 | D:2      | Noticed Crazy Yiuf
  1982 | D:2      | Noticed Natasha
  1986 | D:2      | Killed Natasha
  1991 | D:2      | Noticed Natasha
  2002 | D:2      | Killed Natasha
  2057 | D:2      | Found a shattered altar of Ashenzari.
  2242 | D:2      | Killed Crazy Yiuf
  2293 | D:3      | Reached skill level 1 in Dodging
  2319 | D:3      | Reached skill level 1 in Shields
  2454 | D:3      | Found an iron altar of Okawaru.
  2480 | D:3      | Reached ** piety under Lugonu
  2483 | D:3      | Reached XP level 7. HP: 52/55 MP: 8/8
  2606 | D:3      | Found an ornate altar of the Wu Jian Council.
  3012 | D:4      | Noticed Grinder
  3043 | D:4      | Killed Grinder
  3043 | D:4      | Reached skill level 5 in Fighting
  3043 | D:4      | Reached skill level 5 in Polearms
  3043 | D:4      | Reached skill level 5 in Armour
  3156 | D:4      | Reached XP level 8. HP: 56/62 MP: 9/9
  3180 | D:4      | Found a large runed translucent door.
  3180 | D:4      | Found a large runed translucent door.
  3200 | D:4      | Reached skill level 6 in Polearms
  3443 | D:4      | Found a large runed translucent door.
  3443 | D:4      | Found a large runed translucent door.
  3941 | D:4      | Found a bloodstained altar of Trog.
  4164 | D:5      | Entered Level 5 of the Dungeon
  4220 | D:5      | Reached skill level 7 in Polearms
  4265 | D:5      | Found a staircase to the Ecumenical Temple.
  4318 | D:5      | Reached XP level 9. HP: 66/69 MP: 10/10
  4409 | D:5      | Reached *** piety under Lugonu
  4621 | D:6      | Reached skill level 1 in Stealth
  4681 | D:6      | Reached skill level 8 in Polearms
  5604 | D:6      | Reached skill level 9 in Polearms
  5610 | D:6      | Reached XP level 10. HP: 42/77 MP: 11/11
  6301 | D:7      | Found a stormy altar of Qazlal.
  6370 | D:7      | Reached **** piety under Lugonu
  6382 | D:7      | Found a shadowy altar of Dithmenos.
  6434 | D:7      | Found a glowing silver altar of Zin.
  6461 | D:7      | Reached skill level 10 in Polearms
  6528 | D:7      | Found a hide-covered altar of Uskayaw.
  6529 | D:7      | Noticed a +0 dagger
  6530 | D:7      | Noticed a +0 hand axe
  6929 | D:7      | Found a sparkling altar of Nemelex Xobeh.
  7413 | D:7      | Gained mutation: Your spells are a little harder to cast,
                  | but a little more powerful. [potion of mutation]
  7413 | D:7      | Gained mutation: You are resistant to hostile enchantments.
                  | (MR+) [potion of mutation]
  7414 | D:7      | Lost mutation: You are resistant to hostile enchantments.
                  | (MR+) [potion of mutation]
  7414 | D:7      | Gained mutation: Armour fits poorly on your strangely
                  | shaped body. [potion of mutation]
  7414 | D:7      | Gained mutation: You are robust. (+10% HP) [potion of
                  | mutation]
  7414 | D:7      | Gained mutation: You are agile. (Dex +2) [potion of
                  | mutation]
  7415 | D:7      | Lost mutation: Your spells are a little harder to cast, but
                  | a little more powerful. [potion of mutation]
  7415 | D:7      | Lost mutation: Armour fits poorly on your strangely shaped
                  | body. [potion of mutation]
  7415 | D:7      | Lost mutation: You are robust. (+10% HP) [potion of
                  | mutation]
  7415 | D:7      | Gained mutation: You are frail. (-10% HP) [potion of
                  | mutation]
  7415 | D:7      | Gained mutation: Your natural rate of healing is unusually
                  | fast. [potion of mutation]
  7476 | D:8      | Lost mutation: You are agile. (Dex +2) [potion of mutation]
  7476 | D:8      | Lost mutation: You are frail. (-10% HP) [potion of
                  | mutation]
  7476 | D:8      | Lost mutation: Your natural rate of healing is unusually
                  | fast. [potion of mutation]
  7476 | D:8      | Gained mutation: You are robust. (+10% HP) [potion of
                  | mutation]
  7476 | D:8      | Gained mutation: Your spells are a little harder to cast,
                  | but a little more powerful. [potion of mutation]
  7476 | D:8      | Gained mutation: You have a somewhat thin skeletal
                  | structure. (Dex +2, Stealth) [potion of mutation]
  7559 | D:8      | Noticed Joseph
  7606 | D:8      | Killed Joseph
  7996 | D:8      | Reached XP level 11. HP: 84/93 MP: 12/12
  7999 | D:8      | Reached ***** piety under Lugonu
  8101 | D:8      | Found Hoetieka's Antique Weapon Shoppe.
  8279 | D:8      | Reached skill level 11 in Polearms
  8688 | D:8      | Noticed a three-headed hydra
  8700 | D:8      | Killed a three-headed hydra
  9151 | D:8      | Found a blossoming altar of Fedhas.
  9186 | D:8      | Bought a jewelled trident for 229 gold pieces
  9186 | D:8      | Identified the +3 trident of Blood {pierce, rN+ Dex+5} (You
                  | bought it in a shop on level 8 of the Dungeon)
  9211 | D:8      | Found a snail-covered altar of Cheibriados.
  9837 | D:8      | Noticed an oklob plant
 10904 | D:9      | Found a staircase to the Lair.
 10990 | D:9      | Reached skill level 12 in Polearms
 10998 | D:9      | Reached skill level 10 in Armour
 11691 | D:9      | Found a blossoming altar of Fedhas.
 11713 | D:9      | Noticed an oklob plant
 11909 | D:9      | Reached skill level 5 in Shields
 11945 | Lair:1   | Entered Level 1 of the Lair of Beasts
 12291 | Lair:1   | Noticed an ice dragon
 12303 | Lair:1   | Slain by an ice dragon

Skill      XL: |  1  2  3  4  5  6  7  8  9 10 11 |
---------------+----------------------------------+-----
Fighting       | 4 5 6 7 8 |  8.6
Polearms       | 3 4 5 7 9 10 12 | 12.3
Armour         | 3 4 5 6 7 9 10 | 10.2
Dodging        | 1 2 |  2.6
Shields        | 1 2 4 5 |  5.4
Stealth        | 1 2 |  2.6
Invocations    | |  2.6

Action                   |  1- 3 |  4- 6 |  7- 9 | 10-12 || total
-------------------------+-------+-------+-------+-------++-------
Melee: Trident           |    73 |    72 |   301 |   588 ||  1034
Invok: Depart the Abyss  |     1 |       |       |       ||     1
       Bend Space        |       |       |       |     2 ||     2
 Abil: Dig               |       |       |     3 |     7 ||    10
Evoke: Wand              |       |       |       |     4 ||     4
  Use: Scroll            |     1 |       |     1 |     7 ||     9
       Potion            |       |       |     1 |     5 ||     6
 Stab: Distracted        |       |       |       |     1 ||     1
  Eat: Chunk             |       |     4 |     4 |    13 ||    21
       Ration            |       |       |     2 |     4 ||     6
Armor: Chain mail        |    32 |    23 |    96 |   128 ||   279
Dodge: Dodged            |    16 |    12 |    77 |   106 ||   211
Block: Buckler           |    13 |     6 |    34 |    88 ||   141
